 Dungeon Sprint DCSS version 0.21-a0-47-g7c8f537 (webtiles) character file.

170 Kidiri the Insei (level 5, -2/50 HPs)
             Began as a Hill Orc Monk on June 8, 2017.
             Was an Elder of Wu Jian.
             Slain by a wolf (8 damage)
             ... in the Dungeon (Sprint VII: "The Pits").
             The game lasted 00:01:57 (226 turns).

Kidiri the Insei (Hill Orc Monk)                     Turns: 226, Time: 00:01:58

Health: -2/50      AC:  2    Str: 14    XL:     5   Next: 51%
Magic:  5/5        EV: 15    Int: 10    God:    Wu Jian [****..]
Gold:   0          SH:  0    Dex: 14    Spells: 4/4 levels left

rFire    . . .     SeeInvis .     - Unarmed
rCold    . . .     Gourm    .   (no shield)
rNeg     . . .     Faith    .   a - +0 robe
rPois    .         Spirit   .   (no helmet)
rElec    .         Reflect  .   (no cloak)
rCorr    .         Harm     .   (no gloves)
MR       .....     NoTele   +   (no boots)
Stlth    +++.......             (no amulet)
Regen    0.2/turn               (no ring)
MPRegen  0.1/turn               (no ring)

@: lethally poisoned (-2 -> -3)
A: no striking features
a: Serpent's Lash, Renounce Religion


You were in the Dungeon.
You worshipped Wu Jian.
Wu Jian was greatly pleased with you.
You were not hungry.

You visited 1 branch

Inventory:

Armour
 a - a +0 robe (worn)
Scrolls
 h - a scroll of blinking
 j - 3 scrolls of remove curse
 k - 5 scrolls of amnesia
 l - a scroll of summoning
Potions
 c - 6 potions of curing
 d - 5 potions of heal wounds
 e - a potion of haste
 f - 4 potions of magic
 g - 3 potions of berserk rage
 i - 2 potions of invisibility
Comestibles
 b - 8 bread rations
 m - 40 fruits
 n - 7 meat rations
 o - a chunk of flesh


   Skills:
 + Level 5.7 Fighting
 + Level 3.6 Armour
 * Level 5.1 Dodging
 * Level 5.1 Stealth
 * Level 6.9 Unarmed Combat


You had 4 spell levels left.
You didn't know any spells.

Dungeon Overview and Level Annotations

Branches:
Dungeon (1/1)

Altars:
Ashenzari
Cheibriados
Dithmenos
Elyvilon
Fedhas
Gozag
Hepliaklqana
Kikubaaqudgha
Makhleb
Nemelex Xobeh
Okawaru
Qazlal
Ru
Sif Muna
Trog
Uskayaw
Vehumet
Wu Jian
Xom
Yredelemnul
Zin
The Shining One
Beogh
Jiyva
Lugonu


Message History

The scorpion barely misses you.
Unknown command.
The wolf bites you!
Unknown command.
The wolf bites you!
* * * LOW HITPOINT WARNING * * *
Unknown command.
You spin and attack the wolf.
You hit the wolf but do no damage. Your punch misses the wolf.
The wolf is moderately wounded.
You feel sick. The wolf misses you. The ogre misses you.
The wolf barely misses you.
Unknown command.
The scorpion stings you.
* * * LOW HITPOINT WARNING * * *
Unknown command.
The wolf barely misses you.
You feel sick. The wolf completely misses you. The wolf bites you!
You die...

#.#..+..#))#####'#
#.#..####))##.....
#.#%.#..#))##.....
#.#..#..#[[##.....
#.##+#..#+###...<.
#.#........##.....
#.#........##.....
#'###########.....
#@s#.#.## ######
#h.%....#
##.#.#.##
#..O....#
##.#.#.##
#.......#
##.#.#..+ ########


You could see an ogre, a wolf and a scorpion.

Vanquished Creatures
  A floating eye (D)
  An iron imp (D)
  A worker ant (D)
  A river rat (D)
  An ooze (D)
  A leopard gecko (D)
  A bat skeleton (D)
  2 hobgoblins (D)
  2 quokkas (D)
  A frilled lizard (D)
  A jackal zombie (D)
13 creatures vanquished.

Notes
Turn   | Place    | Note
-------+----------+-------------------------------------------
     0 | D        | Kidiri the Hill Orc Monk began the quest for the Orb.
     0 | D        | Reached XP level 1. HP: 19/19 MP: 1/1
    11 | D        | Noticed a floating eye
    16 | D        | Paralysed by a floating eye for 3 turns
    23 | D        | Killed a floating eye
    23 | D        | Reached skill level 5 in Fighting
    23 | D        | Reached skill level 5 in Unarmed Combat
    23 | D        | Reached XP level 2. HP: 29/29 MP: 2/2
    23 | D        | Reached XP level 3. HP: 36/36 MP: 3/3
    23 | D        | Reached XP level 4. HP: 42/42 MP: 4/4
    27 | D        | Found a bloodstained altar of Trog.
    27 | D        | Found a deep blue altar of Sif Muna.
    27 | D        | Found a viscous altar of Jiyva.
    27 | D        | Found a hazy altar of Hepliaklqana.
    27 | D        | Found an opulent altar of Gozag.
    28 | D        | Found a glowing golden altar of the Shining One.
    28 | D        | Found a glowing silver altar of Zin.
    28 | D        | Found a basalt altar of Yredelemnul.
    28 | D        | Found a shimmering altar of Xom.
    28 | D        | Found an ornate altar of the Wu Jian Council.
    28 | D        | Found a sacrificial altar of Ru.
    28 | D        | Found a stormy altar of Qazlal.
    28 | D        | Found an iron altar of Okawaru.
    28 | D        | Found a sparkling altar of Nemelex Xobeh.
    28 | D        | Found a burning altar of Makhleb.
    28 | D        | Found a blossoming altar of Fedhas.
    28 | D        | Found a white marble altar of Elyvilon.
    28 | D        | Found a shadowy altar of Dithmenos.
    28 | D        | Found a snail-covered altar of Cheibriados.
    31 | D        | Found a corrupted altar of Lugonu.
    31 | D        | Found a radiant altar of Vehumet.
    31 | D        | Found a roughly hewn altar of Beogh.
    32 | D        | Found an ancient bone altar of Kikubaaqudgha.
    32 | D        | Found a hide-covered altar of Uskayaw.
    32 | D        | Found a shattered altar of Ashenzari.
    39 | D        | Became a worshipper of the Wu Jian Council
    39 | D        | Reached * piety under Wu Jian
    39 | D        | Reached ** piety under Wu Jian
   106 | D        | Reached skill level 6 in Unarmed Combat
   111 | D        | Reached *** piety under Wu Jian
   125 | D        | Reached XP level 5. HP: 46/48 MP: 5/5
   130 | D        | Reached **** piety under Wu Jian
   194 | D        | Noticed a wolf
   198 | D        | Noticed an ogre
   200 | D        | Reached skill level 5 in Dodging
   200 | D        | Reached skill level 5 in Stealth
   226 | D        | Slain by a wolf

Vault maps used:
D:        pitsprint

Skill      XL: |  1  2  3  4  5 |
---------------+----------------+-----
Fighting       | 5 |  5.7
Armour         | 2 3 |  3.6
Dodging        | 4 5 |  5.1
Stealth        | 4 5 |  5.1
Unarmed Combat | 5 6 |  6.9

Action                   |  1- 3 |  4- 6 || total
-------------------------+-------+-------++-------
Melee: Unarmed           |     6 |    43 ||    49
       Punch             |       |     1 ||     1
Invok: Serpent's Lash    |       |     1 ||     1
  Use: Potion            |       |     1 ||     1
 Stab: Sleeping          |       |     3 ||     3
Armor: Robe              |       |     3 ||     3
Dodge: Dodged            |       |    38 ||    38
